[ AOE2 MATCH · #507372851 ]
UnrankedMaya vs Romans
Player's team · LOSS
Rival team · WIN
[ REPLAY ANALYSIS · EXTRACTED FROM THE RECORDED GAME ]
Feudal
14:40
Castle
29:32
Imperial
—
| APM avg | 55.4 |
| APM peak | 110 |
| eAPM avg | 22.0 |
| Villagers / military | 142 / 128 |
Focus
⚔️ 34.4% · 🌾 65.6%
Archer ×58 · Plumed Archer ×53 · Mangonel ×10 · Eagle Scout ×6 · Scorpion ×1
Feudal
17:55
Castle
30:02
Imperial
47:28
| APM avg | 56.1 |
| APM peak | 97 |
| eAPM avg | 32.1 |
| Villagers / military | 260 / 104 |
Focus
⚔️ 29.0% · 🌾 71.0%
Scout Cavalry ×53 · Skirmisher ×27 · Archer ×20 · Centurion ×2 · Trebuchet (Packed) ×2
Match map
Initial resources + every placement click. Lines = walls · curves = elevation contours. ◆ gold · ⬟ stone · ● berries · ✦ relic · ◌ wall gap
Your base· Open — unwalled flank
ivan.nieto.sec's base· Open — 3t gap
Smoothed initial terrain · ◌ = detected wall gap · hover for details
Inputs per minute
— NuMa | Maurofarfan01 - - ivan.nieto.sec
Build order — NuMa | Maurofarfan01
First 150 of 404 actions detected
| 0:02 | Queue | Villager (Male) |
| 0:06 | Research | Loom |
| 0:07 | Queue | Villager (Male) |
| 0:07 | Queue | Villager (Male) |
| 0:08 | Queue | Villager (Male) |
| 0:09 | Build | House |
| 0:10 | Build | House |
| 1:32 | Build | Palisade Wall |
| 1:36 | Build | Palisade Wall |
| 1:37 | Build | Palisade Wall |
| 1:39 | Build | Palisade Wall |
| 1:44 | Queue | Villager (Male) |
| 1:44 | Queue | Villager (Male) |
| 2:42 | Queue | Villager (Male) |
| 2:42 | Queue | Villager (Male) |
| 3:02 | Queue | Villager (Male) |
| 3:02 | Queue | Villager (Male) |
| 3:40 | Queue | Villager (Male) |
| 3:40 | Queue | Villager (Male) |
| 3:41 | Queue | Villager (Male) |
| 3:41 | Queue | Villager (Male) |
| 3:58 | Queue | Villager (Male) |
| 4:31 | Queue | Villager (Male) |
| 4:31 | Queue | Villager (Male) |
| 4:46 | Queue | Villager (Male) |
| 4:46 | Queue | Villager (Male) |
| 4:58 | Build | House |
| 5:22 | Queue | Villager (Male) |
| 5:23 | Queue | Villager (Male) |
| 5:35 | Build | Palisade Wall |
| 5:37 | Build | Palisade Wall |
| 5:55 | Queue | Villager (Male) |
| 5:55 | Queue | Villager (Male) |
| 5:56 | Queue | Villager (Male) |
| 5:58 | Build | Lumber Camp |
| 6:56 | Queue | Villager (Male) |
| 6:58 | Queue | Villager (Male) |
| 6:58 | Queue | Villager (Male) |
| 6:58 | Queue | Villager (Male) |
| 7:36 | Queue | Villager (Male) |
| 7:36 | Queue | Villager (Male) |
| 8:04 | Build | Mill |
| 8:26 | Queue | Villager (Male) |
| 8:46 | Queue | Villager (Male) |
| 8:52 | Queue | Villager (Male) |
| 9:00 | Build | House |
| 9:32 | Queue | Villager (Male) |
| 10:35 | Queue | Villager (Male) |
| 11:02 | Queue | Villager (Male) |
| 11:17 | Queue | Villager (Male) |
| 11:20 | Queue | Villager (Male) |
| 11:29 | Queue | Villager (Male) |
| 11:34 | Build | Mill |
| 11:43 | Build | Barracks |
| 11:47 | Queue | Villager (Male) |
| 12:30 | Research | Feudal Age |
| 12:30 | Research | Feudal Age |
| 13:17 | Build | Mining Camp |
| 14:33 | Queue | Villager (Male) |
| 14:33 | Queue | Villager (Male) |
| 14:40 | Age | Feudal Age |
| 14:42 | Build | Archery Range |
| 14:44 | Build | Archery Range |
| 14:51 | Queue | Villager (Male) |
| 14:53 | Build | House |
| 14:54 | Build | House |
| 15:37 | Queue | Archer |
| 15:40 | Queue | Archer |
| 15:41 | Queue | Archer |
| 15:41 | Queue | Archer |
| 15:41 | Queue | Archer |
| 15:43 | Build | House |
| 15:43 | Queue | Villager (Male) |
| 16:10 | Queue | Archer |
| 16:11 | Queue | Archer |
| 16:11 | Queue | Archer |
| 16:11 | Queue | Archer |
| 16:24 | Build | Outpost |
| 16:30 | Queue | Villager (Male) |
| 16:38 | Build | Blacksmith |
| 16:42 | Queue | Archer |
| 16:43 | Queue | Archer |
| 16:58 | Queue | Archer |
| 16:58 | Queue | Archer |
| 16:59 | Queue | Archer |
| 17:01 | Queue | Villager (Male) |
| 17:36 | Queue | Archer |
| 17:37 | Queue | Archer |
| 17:37 | Queue | Archer |
| 17:45 | Queue | Villager (Male) |
| 17:48 | Build | House |
| 17:50 | Queue | Archer |
| 17:50 | Queue | Archer |
| 17:53 | Queue | Villager (Male) |
| 18:04 | Build | Watch Tower |
| 18:20 | Queue | Archer |
| 18:20 | Queue | Archer |
| 18:21 | Queue | Archer |
| 18:43 | Build | Watch Tower |
| 18:46 | Research | Fletching |
| 18:46 | Research | Fletching |
| 19:00 | Queue | Archer |
| 19:00 | Queue | Archer |
| 19:04 | Build | Farm |
| 19:04 | Build | Farm |
| 19:05 | Build | Farm |
| 19:05 | Build | Farm |
| 19:05 | Build | Farm |
| 19:43 | Queue | Archer |
| 19:43 | Queue | Archer |
| 19:44 | Queue | Villager (Male) |
| 20:05 | Queue | Archer |
| 20:05 | Queue | Archer |
| 20:05 | Queue | Villager (Male) |
| 20:06 | Queue | Villager (Male) |
| 20:06 | Queue | Villager (Male) |
| 20:13 | Queue | Villager (Male) |
| 20:46 | Queue | Eagle Scout |
| 20:48 | Queue | Villager (Male) |
| 20:50 | Build | Farm |
| 20:51 | Build | Farm |
| 20:56 | Build | Farm |
| 20:56 | Build | Farm |
| 20:57 | Build | Farm |
| 20:57 | Build | Farm |
| 20:57 | Queue | Villager (Male) |
| 21:12 | Queue | Archer |
| 21:12 | Queue | Archer |
| 21:13 | Queue | Archer |
| 21:13 | Queue | Archer |
| 21:14 | Queue | Villager (Male) |
| 21:32 | Build | House |
| 21:33 | Queue | Villager (Male) |
| 21:37 | Build | House |
| 22:12 | Build | House |
| 22:13 | Queue | Archer |
| 22:14 | Queue | Archer |
| 22:14 | Queue | Archer |
| 22:14 | Queue | Archer |
| 22:22 | Build | House |
| 22:38 | Queue | Eagle Scout |
| 22:45 | Queue | Villager (Male) |
| 22:47 | Build | Farm |
| 22:48 | Queue | Villager (Male) |
| 22:56 | Build | House |
| 23:50 | Queue | Villager (Male) |
| 23:53 | Queue | Archer |
| 23:53 | Queue | Archer |
| 23:53 | Queue | Archer |
| 23:54 | Queue | Villager (Male) |
Build order — ivan.nieto.sec
First 150 of 557 actions detected
| 0:00 | Queue | Villager (Male) |
| 0:00 | Queue | Villager (Male) |
| 0:01 | Build | House |
| 0:02 | Build | House |
| 0:11 | Queue | Villager (Male) |
| 0:20 | Queue | Villager (Male) |
| 1:23 | Queue | Villager (Male) |
| 1:54 | Queue | Villager (Male) |
| 2:09 | Queue | Villager (Male) |
| 2:40 | Build | Lumber Camp |
| 2:47 | Queue | Villager (Male) |
| 3:03 | Queue | Villager (Male) |
| 3:10 | Build | House |
| 3:11 | Build | House |
| 3:28 | Queue | Villager (Male) |
| 3:39 | Build | House |
| 3:48 | Queue | Villager (Male) |
| 3:53 | Build | House |
| 4:13 | Build | House |
| 4:30 | Queue | Villager (Male) |
| 4:53 | Queue | Villager (Male) |
| 5:00 | Queue | Villager (Male) |
| 5:13 | Build | Mill |
| 5:55 | Queue | Villager (Male) |
| 6:07 | Queue | Villager (Male) |
| 6:20 | Queue | Villager (Male) |
| 7:13 | Queue | Villager (Male) |
| 7:34 | Queue | Villager (Male) |
| 7:39 | Queue | Villager (Male) |
| 7:50 | Queue | Villager (Male) |
| 7:55 | Queue | Villager (Male) |
| 8:20 | Queue | Villager (Male) |
| 8:34 | Build | Lumber Camp |
| 8:40 | Build | Palisade Wall |
| 8:53 | Queue | Villager (Male) |
| 9:01 | Build | House |
| 9:10 | Queue | Villager (Male) |
| 9:29 | Queue | Villager (Male) |
| 10:20 | Queue | Villager (Male) |
| 10:32 | Queue | Villager (Male) |
| 10:46 | Queue | Villager (Male) |
| 10:54 | Queue | Villager (Male) |
| 11:04 | Build | Farm |
| 11:05 | Queue | Villager (Male) |
| 11:17 | Queue | Villager (Male) |
| 11:27 | Queue | Villager (Male) |
| 11:29 | Build | Farm |
| 11:43 | Queue | Villager (Male) |
| 12:11 | Build | Farm |
| 12:15 | Queue | Villager (Male) |
| 12:38 | Build | Farm |
| 12:39 | Queue | Villager (Male) |
| 13:01 | Queue | Villager (Male) |
| 13:09 | Build | Palisade Wall |
| 13:15 | Build | Farm |
| 13:16 | Build | Farm |
| 13:18 | Build | Farm |
| 13:18 | Queue | Villager (Male) |
| 13:28 | Queue | Villager (Male) |
| 13:38 | Build | House |
| 13:40 | Queue | Villager (Male) |
| 13:46 | Build | Farm |
| 14:04 | Build | Farm |
| 14:06 | Queue | Villager (Male) |
| 14:12 | Research | Loom |
| 14:20 | Build | Farm |
| 14:23 | Queue | Villager (Male) |
| 14:36 | Build | Farm |
| 14:50 | Build | Farm |
| 14:55 | Queue | Villager (Male) |
| 15:29 | Research | Feudal Age |
| 15:47 | Build | Outpost |
| 15:58 | Build | Outpost |
| 16:02 | Build | Barracks |
| 16:12 | Build | House |
| 16:13 | Build | House |
| 16:44 | Queue | Villager (Male) |
| 17:13 | Build | House |
| 17:18 | Build | House |
| 17:22 | Build | House |
| 17:51 | Queue | Villager (Male) |
| 17:55 | Age | Feudal Age |
| 17:56 | Build | Archery Range |
| 17:58 | Build | Blacksmith |
| 18:03 | Research | Double-Bit Axe |
| 18:14 | Build | Watch Tower |
| 18:15 | Queue | Villager (Male) |
| 18:24 | Queue | Villager (Male) |
| 18:33 | Research | Horse Collar |
| 18:35 | Queue | Villager (Male) |
| 18:40 | Research | Fletching |
| 18:47 | Queue | Skirmisher |
| 18:49 | Build | Farm |
| 18:54 | Queue | Villager (Male) |
| 19:09 | Queue | Villager (Male) |
| 19:19 | Queue | Skirmisher |
| 19:34 | Queue | Skirmisher |
| 19:49 | Queue | Skirmisher |
| 19:52 | Queue | Villager (Male) |
| 20:01 | Build | Lumber Camp |
| 20:03 | Queue | Skirmisher |
| 20:09 | Queue | Skirmisher |
| 20:18 | Research | Padded Archer Armor |
| 20:22 | Queue | Villager (Male) |
| 20:27 | Queue | Skirmisher |
| 20:44 | Build | House |
| 20:44 | Build | House |
| 20:46 | Queue | Villager (Male) |
| 21:01 | Queue | Skirmisher |
| 21:07 | Queue | Villager (Male) |
| 21:11 | Build | Farm |
| 21:13 | Build | Farm |
| 21:14 | Build | Farm |
| 21:18 | Queue | Skirmisher |
| 21:24 | Build | Mining Camp |
| 21:39 | Queue | Skirmisher |
| 21:45 | Build | Farm |
| 21:51 | Queue | Skirmisher |
| 22:06 | Queue | Skirmisher |
| 22:11 | Queue | Villager (Male) |
| 22:17 | Queue | Skirmisher |
| 22:23 | Build | Market |
| 22:26 | Queue | Skirmisher |
| 22:34 | Queue | Skirmisher |
| 22:59 | Queue | Skirmisher |
| 23:04 | Build | Archery Range |
| 23:04 | Queue | Villager (Male) |
| 23:10 | Build | Farm |
| 23:11 | Build | Farm |
| 23:11 | Build | Farm |
| 23:12 | Build | Farm |
| 23:20 | Queue | Skirmisher |
| 23:21 | Queue | Villager (Male) |
| 23:34 | Queue | Skirmisher |
| 23:36 | Queue | Skirmisher |
| 23:44 | Build | Farm |
| 23:53 | Queue | Skirmisher |
| 23:59 | Queue | Archer |
| 24:06 | Build | Archery Range |
| 24:07 | Queue | Skirmisher |
| 24:11 | Queue | Skirmisher |
| 24:17 | Queue | Skirmisher |
| 24:17 | Queue | Skirmisher |
| 24:25 | Queue | Villager (Male) |
| 24:39 | Build | Watch Tower |
| 24:39 | Queue | Villager (Male) |
| 24:47 | Queue | Villager (Male) |
| 24:51 | Queue | Skirmisher |
| 24:51 | Queue | Skirmisher |
| 24:52 | Queue | Villager (Male) |
Match timeline
| 1:32 | NuMa | Maurofarfan01 · wall_segment Palisade Wall x1 |
| 1:36 | NuMa | Maurofarfan01 · wall_segment Palisade Wall x1 |
| 1:37 | NuMa | Maurofarfan01 · wall_segment Palisade Wall x1 |
| 1:39 | NuMa | Maurofarfan01 · wall_segment Palisade Wall x1 |
| 5:35 | NuMa | Maurofarfan01 · wall_segment Palisade Wall x1 |
| 5:37 | NuMa | Maurofarfan01 · wall_segment Palisade Wall x1 |
| 8:40 | ivan.nieto.sec · wall_segment Palisade Wall x6 |
| 11:43 | NuMa | Maurofarfan01 · first_building Barracks |
| 13:09 | ivan.nieto.sec · wall_segment Palisade Wall x4 |
| 14:40 | NuMa | Maurofarfan01 · age_up feudal |
| 14:42 | NuMa | Maurofarfan01 · first_building Archery Range |
| 16:02 | ivan.nieto.sec · first_building Barracks |
| 17:55 | ivan.nieto.sec · age_up feudal |
| 17:56 | ivan.nieto.sec · first_building Archery Range |
| 24:33 | ivan.nieto.sec · first_market_sell 100 wood |
| 24:34 | ivan.nieto.sec · first_market_buy 100 stone |
| 26:12 | NuMa | Maurofarfan01 · first_market_sell 500 wood |
| 26:14 | NuMa | Maurofarfan01 · first_market_buy 100 food |
| 29:32 | NuMa | Maurofarfan01 · age_up castle |
| 29:35 | NuMa | Maurofarfan01 · first_building Siege Workshop |
| 30:02 | ivan.nieto.sec · age_up castle |
| 33:11 | NuMa | Maurofarfan01 · first_building Castle |
| 33:14 | ivan.nieto.sec · first_building Siege Workshop |
| 34:08 | ivan.nieto.sec · first_building Castle |
| 38:16 | ivan.nieto.sec · first_building Stable |
| 41:06 | NuMa | Maurofarfan01 · first_building Monastery |
| 47:28 | ivan.nieto.sec · age_up imperial |
| 48:09 | NuMa | Maurofarfan01 · resign |
[ AI ANALYSIS · 1 CREDIT ]
What really happened in this match?
Wolo.gg analyzes every decision: build order, eco, micro, common mistakes by bracket. Personalized analysis on WhatsApp or Discord in 30 seconds.
Civ guide
Maya
Perfil
Jugador #3044524